 Dungeon Crawl Stone Soup version 0.27.1 (webtiles) character file.

Game seed: 12308956237185386047

38 Tinkle the Skirmisher (level 3, 0/33 HPs)
             Began as a Minotaur Berserker on Aug 29, 2021.
             Was a Follower of Trog.
             Succumbed to an adder's poison
             ... on level 2 of the Dungeon.
             The game lasted 00:02:35 (1332 turns).

Tinkle the Skirmisher (Minotaur Berserker)          Turns: 1332, Time: 00:02:35

Health: 0/33       AC:  3    Str: 22    XL:     3   Next: 25%
Magic:  2/2        EV: 12    Int:  4    God:    Trog [*.....]
Gold:   5          SH:  0    Dex:  9    Spells: 2/2 levels left

rFire    . . .     SeeInvis .   a - +0 hand axe
rCold    . . .     Faith    .   (no shield)
rNeg     . . .     Spirit   .   i - +0 leather armour
rPois    .         Reflect  .   (helmet restricted)
rElec    .         Harm     .   (no cloak)
rCorr    .         Rampage  .   (no gloves)
Will     .....                  (no boots)
Stlth    +.........             (no amulet)
HPRegen  0.11/turn              (no ring)
MPRegen  0.08/turn              (no ring)

@: lethally poisoned (0 -> -3), on berserk cooldown, slowed, very slow
A: horns 2, retaliatory headbutt
a: Renounce Religion, Berserk


You were on level 2 of the Dungeon.
You worshipped Trog.
Trog was aware of your devotion.
You visited 1 branch of the dungeon, and saw 2 of its levels.

You collected 5 gold pieces.

Inventory:

Hand Weapons
 a - a +0 hand axe (weapon)
Armour
 i - a +0 leather armour (worn)
Scrolls
 b - a scroll of identify {unknown}
 f - a scroll of fog {unknown}
 h - a scroll of silence {unknown}
Potions
 c - a potion of magic {unknown}
 d - a potion of haste {unknown}
 e - 2 potions of ambrosia {unknown}
 g - a potion of curing {unknown}


   Skills:
 + Level 4.1 Fighting
 + Level 4.1 Axes
 + Level 3.1 Armour
 + Level 2.8 Dodging


You had 2 spell levels left.
You didn't know any spells.
Your spell library was empty.

Dungeon Overview and Level Annotations

Branches:
Dungeon (2/15)

Altars:


Innate Abilities, Weirdness & Mutations

You have a pair of horns on your head.
You reflexively headbutt those who attack you in melee.


Message History

Huge Dmg: -5%(-2hp) hp: 18%(7hp)
You slash the adder!
You feel the power of Trog in you as your rage grows.
You kill the adder!
Trog accepts your kill.
* * * LOW HITPOINT WARNING * * *
You feel sick.
You have reached level 3!
Your experience leads to an increase in your attributes!
Increase (S)trength, (I)ntelligence, or (D)exterity?
You feel stronger.
You barely miss the endoplasm.
* * * LOW HITPOINT WARNING * * *
You feel sick.
Damage: -2%(-1hp) hp: 13%(6hp)
You slash the endoplasm!
You kill the endoplasm!
Trog accepts your kill.
* * * LOW HITPOINT WARNING * * *
You feel sick.
Damage: -2%(-1hp) hp: 11%(5hp)
You miss the goblin. You headbutt the goblin.
You kill the goblin!
Trog accepts your kill.
* * * LOW HITPOINT WARNING * * *
You feel sick.
* * * LOW HITPOINT WARNING * * *
You feel sick.
You see here a +0 dagger.
Damage: -2%(-1hp) hp: 9%(4hp)
You feel a strong urge to attack something.
There is a lethal amount of poison in your body!
There is a lethal amount of poison in your body!
You are no longer berserk.
You are exhausted.
You feel yourself slow down.
* * * LOW HITPOINT WARNING * * *
You feel sick.
Huge Dmg: -9%(-3hp) hp: 4%(1hp)
You die...

#........(........#............
#..............................
....................#####......
..........###.......# ######
............#####.###
.......####.# #)# ....##.# .#
#.# .....#.# #.#####.# .....#.#
#.....@.# .....#.# #...#####
.....# #. .....# ...# .....#
...# ####.# ...# .# ...### ####
# ..... ...# ##...####


There were no monsters in sight!

Vanquished Creatures
  2 adders (D:2)
  2 ball pythons (D:2)
  3 bats
  2 endoplasms (D:2)
  A giant cockroach (D:1)
  2 goblins
  4 hobgoblins
  2 kobolds
18 creatures vanquished.

Notes
Turn   | Place    | Note
-------+----------+-------------------------------------------
     0 | D:1      | Tinkle the Minotaur Berserker began the quest for the Orb.
     0 | D:1      | Reached XP level 1. HP: 19/19 MP: 0/0
   429 | D:1      | Found a faded altar of an unknown god.
   883 | D:1      | Reached XP level 2. HP: 27/27 MP: 1/1
  1322 | D:2      | Huge Dmg: 5 dmg
  1324 | D:2      | Huge Dmg: 5 dmg
  1325 | D:2      | Huge Dmg: 2 dmg
  1326 | D:2      | Reached XP level 3. HP: 7/33 MP: 2/2
  1331 | D:2      | HP: 1/33 [poisoned by an adder]
  1332 | D:2      | Huge Dmg: 3 dmg
  1332 | D:2      | Succumbed to an adder's poison

Illustrated notes

Levels and vault maps discovered:
D:1:      saegor_arrival_simple_c, layout_loops_cross,
          hellmonk_ecumenical_altar_prayer_group, serial_bayou_pond_d,
          item_on_display_a
D:2:      layout_basic

Skill      XL: |  1  2 |
---------------+-------+-----
Fighting       | 4 |  4.1
Axes           | 4 |  4.1
Armour         | 3 |  3.1
Dodging        | |  2.8

Action                   || total
-------------------------++-------
Melee: Hand axe          ||    42
       Headbutt          ||     8
Invok: Berserk           ||     1
Armor: Animal skin       ||     3
       Leather armour    ||    10
Dodge: Dodged            ||    27
